 Dungeon Crawl Stone Soup version 0.28.0-53-g5a82cb258f (webtiles) character file.

Game seed: 11398388781202212467

841 Sin92 the Chopper (level 7, -6/55 HPs)
             Began as a Demonspawn Fighter on July 28, 2022.
             Mangled by a steam dragon (11 damage)
             ... on level 5 of the Dungeon.
             The game lasted 00:07:33 (4604 turns).

Sin92 the Chopper (Demonspawn Fighter)              Turns: 4604, Time: 00:07:34

Health: -6/55      AC: -2    Str: 16 (19) XL:     7   Next: 67%
Magic:  7/7        EV:  7    Int:  6 (9)  God:
Gold:   180        SH:  4    Dex: 10 (12) Spells: 6/6 levels left

rFire   . . .      SeeInvis .   a - +0 war axe
rCold   + + +      Faith    .   c - +0 buckler
rNeg    . . .      Spirit   .   j - +4 chain mail of the Saviour {rC+++}
rPois   .          Reflect  .   (helmet restricted)
rElec   .          Harm     .   (no cloak)
rCorr   .          Rampage  .   (no gloves)
Will    .....                   (no boots)
Stlth   ..........              (no amulet)
HPRegen 0.18/turn               (no ring)
MPRegen 0.10/turn               (no ring)

@: mighty, corroded, attractive
A: horns 1, ignite blood 2
a: no special abilities


You were on level 5 of the Dungeon.
You visited 2 branches of the dungeon, and saw 6 of its levels.

You collected 180 gold pieces.

Inventory:

Hand Weapons
 a - a +0 war axe (weapon)
 g - a +3 flail
Missiles
 e - 4 boomerangs of dispersal (quivered)
Armour
 b - a +1 scale mail
 c - a +0 buckler (worn)
 j - the +4 chain mail of the Saviour (worn) {rC+++}
   (You acquired it on level 4 of the Dungeon)

   rC:        It renders you almost immune to cold.
Wands
 s - a wand of paralysis (8)
Scrolls
 i - 6 scrolls of identify {unknown}
 n - a scroll of brand weapon {unknown}
 q - a scroll of fog {unknown}
Potions
 f - a potion of ambrosia {unknown}
 h - a potion of curing {unknown}
 k - 2 potions of degeneration
 m - a potion of attraction
 o - a potion of flight {unknown}
 p - 2 potions of lignification {unknown}
 r - a potion of haste {unknown}


   Skills:
 + Level 4.6 Fighting
 * Level 4.9 Axes
 + Level 4.1 Armour
 + Level 2.9 Dodging
 + Level 4.2 Shields


You had 6 spell levels left.
You didn't know any spells.
Your spell library contained the following spells:

 Spells                   Type           Power      Damage    Failure   Level
 Shock                    Conj/Air       0%         1d3       100%        1
 Swiftness                Air            0%         N/A       100%        3
 Airstrike                Air            0%         N/A       100%        4


Dungeon Overview and Level Annotations

Branches:
Dungeon (5/15)             Temple (1/1) D:4

Altars:
Ashenzari
Cheibriados
Dithmenos
Fedhas
Gozag
Hepliaklqana
Makhleb
Ru
Uskayaw
Vehumet
Wu Jian
Xom
Yredelemnul
The Shining One

Annotations:
D:5 2 transporters


Innate Abilities, Weirdness & Mutations

You have a pair of small horns on your head.
Your demonic aura often causes spilled blood to erupt in flames.


Message History

* * * LOW HITPOINT WARNING * * *
Unknown command.
It was a potion of degeneration.
There was something very wrong with that liquid.
You feel weakened.
You feel dopey.
You feel clumsy. The jelly hits you but does no damage.
The steam dragon bites you but does no damage.
The steam dragon claws you but does no damage.
It was a potion of attraction.
You feel attractive to monsters. The jelly hits you.
* * * LOW HITPOINT WARNING * * *
The acid corrodes you!
You are splashed with acid!
* * * LOW HITPOINT WARNING * * *
The steam dragon barely misses you. The steam dragon claws you.
* * * LOW HITPOINT WARNING * * *
It was a potion of heal wounds.
You feel much better. The jelly hits you but does no damage.
The steam dragon barely misses you. You block the steam dragon's attack.
Unknown command.
You feel much better. The jelly hits you but does no damage.
The steam dragon bites you. The steam dragon barely misses you.
You feel very mighty all of a sudden. You block the jelly's attack.
The steam dragon closely misses you. The steam dragon barely misses you.
You closely miss the steam dragon.
You headbutt the steam dragon, but do no damage.
The steam dragon is moderately wounded.
You hit the jelly.
Your hands burn!
The jelly hits you. The acid corrodes you!
You are splashed with acid!
The steam dragon bites you. The steam dragon claws you.
You block the jelly's attack. The steam dragon bites you.
The steam dragon closely misses you.
You hit the steam dragon.
The steam dragon is heavily wounded.
You hit the jelly. The acid corrodes you!
Your hands burn!
The jelly hits you.
* * * LOW HITPOINT WARNING * * *
The acid corrodes you!
You are splashed with acid!
* * * LOW HITPOINT WARNING * * *
The steam dragon bites you!
You die...

.. . .. .. ##. .. ..
# #.#. .##
#...####Z..##
##D@JZZZ...
###...####.!.
####..#..#
##....####.# #
##.....### ..# ##
##...........## .##
##..#########..
..#.. #.#
#..##Y..T...##.
#...##
#.###..#8Z#...#.8#.#
##....###


You could see a steam dragon, a jelly, a bullfrog zombie, a wyvern zombie, a
killer bee zombie and a hound skeleton.

Vanquished Creatures
  Eustachio (D:4)
  2 black bears
  An ogre (D:4)
  A necrophage (D:4)
  A phantom (D:3)
  A scorpion (D:3)
  A water moccasin skeleton (D:5)
  A jelly (D:4)
  A hound (D:4)
  An orc wizard (D:3)
  A hound skeleton (D:4)
  2 adders (D:3)
  2 worms
  2 dart slugs
  4 orcs
  5 bats
  3 endoplasms
  3 giant cockroaches
  6 goblins
  6 hobgoblins
  4 quokkas
  6 ball pythons
  2 frilled lizards (D:3)
  6 kobolds
  6 rats
69 creatures vanquished.

Notes
Turn   | Place    | Note
-------+----------+-------------------------------------------
     0 | D:1      | Sin92 the Demonspawn Fighter began the quest for the Orb.
     0 | D:1      | Reached XP level 1. HP: 18/18 MP: 1/1
   276 | D:1      | Gained mutation: You have a pair of small horns on your
                  | head. [demonic ancestry]
   276 | D:1      | Reached XP level 2. HP: 17/24 MP: 2/2
  1213 | D:2      | Found a faded altar of an unknown god.
  1368 | D:2      | Reached XP level 3. HP: 29/29 MP: 3/3
  1710 | D:3      | Found an opulent altar of Gozag.
  1718 | D:3      | Noticed a scorpion
  1731 | D:3      | Killed a scorpion
  1732 | D:3      | Reached skill level 1 in Dodging
  1732 | D:3      | Gained mutation: Your demonic aura sometimes causes spilled
                  | blood to erupt in flames. [demonic ancestry]
  1732 | D:3      | Reached XP level 4. HP: 22/35 MP: 4/4
  2112 | D:3      | Noticed a phantom
  2133 | D:3      | Killed a phantom
  2134 | D:3      | Reached XP level 5. HP: 16/42 MP: 5/5
  2936 | D:4      | Noticed Eustachio
  2949 | D:4      | Killed Eustachio
  2950 | D:4      | Reached XP level 6. HP: 31/48 MP: 6/6
  3373 | D:4      | Gained mutation: Your demonic aura often causes spilled
                  | blood to erupt in flames. [demonic ancestry]
  3373 | D:4      | Reached XP level 7. HP: 55/55 MP: 7/7
  3689 | D:4      | Found a staircase to the Ecumenical Temple.
  3737 | Temple   | Entered the Ecumenical Temple
  4009 | D:4      | Identified a scroll of acquirement
  4009 | D:4      | Acquired the +4 chain mail of the Saviour {rC+++}
  4085 | D:4      | Found a broken altar of Ashenzari.
  4214 | D:5      | Entered Level 5 of the Dungeon
  4214 | D:5      | Found a transporter.
  4416 | D:5      | Noticed a troll
  4416 | D:5      | Noticed a yak
  4419 | D:5      | Found a sacrificial altar of Ru.
  4420 | D:5      | Found an ornate altar of the Wu Jian Council.
  4576 | D:5      | Found a transporter.
  4588 | D:5      | Noticed a steam dragon
  4599 | D:5      | HP: 2/55 [acid (8)]
  4604 | D:5      | Mangled by a steam dragon

Illustrated notes

Levels and vault maps discovered:
D:1:      mrwooster_arrival_statue_3, layout_rooms, minmay_misc_feat_roman,
          chequers_serial_rivers_room_b
D:2:      layout_basic, shapermc_ecumenical_altar_acropolis,
          grunt_decor_one_mirror
D:3:      layout_loops_ring, tso_altar,
          mainiacjoe_overflow_concentric_impassable,
          amcnicky_mini_rare_corridor_liquid, st_stairs_3,
          hangedman_decor_growths, kennysheep_generic_room_11
D:4:      layout_cave_pools, mainiacjoe_overflow_brackets,
          minmay_temple_entry_junction_2, amcnicky_mini_corridor_feature,
          uniq_eustachio
D:5:      layout_layer_cave, gammafunk_temple_overflow_arena, serial_undead,
          serial_undead_d, serial_undead_f, serial_undead_c, serial_undead_e,
          minmay_chambers_of_fives, uniq_grinder
Temple:   jpeg_temple_island

Skill      XL: |  1  2  3  4  5  6  7 |
---------------+----------------------+-----
Axes           | 2 3 4 |  4.9
Armour         | 3 4 |  4.1
Dodging        | 1 2 |  2.9
Shields        | 3 4 |  4.2
Fighting       | 4 |  4.6

Action                   |  1- 3 |  4- 6 |  7- 9 || total
-------------------------+-------+-------+-------++-------
Melee: War axe           |    70 |    84 |    58 ||   212
       Headbutt          |    12 |     8 |    10 ||    30
  Use: Scroll            |       |     4 |     1 ||     5
       Potion            |       |       |     5 ||     5
Armor: Scale mail        |    29 |    31 |     9 ||    69
       Chain mail        |       |       |    38 ||    38
Dodge: Dodged            |    35 |    40 |    41 ||   116
Block: Buckler           |    20 |    19 |    22 ||    61
